 Dungeon Crawl Stone Soup version 0.21.1-1-g345015fe64 (webtiles) character file.

52 Jannitor the Sneak (level 3, -1/24 HPs)
             Began as a Demonspawn Enchanter on Apr 2, 2018.
             Slain by a worm (5 damage)
             ... on level 2 of the Dungeon.
             The game lasted 00:01:46 (1996 turns).

Jannitor the Sneak (Demonspawn Enchanter)           Turns: 1996, Time: 00:01:47

Health: -1/24      AC:  2    Str:  8    XL:     3   Next: 60%
Magic:  0/6        EV: 12    Int: 17    God:
Gold:   65         SH:  0    Dex: 13    Spells: 3/6 levels left

rFire    . . .     SeeInvis .   a - +1 dagger
rCold    . . .     Gourm    .   (no shield)
rNeg     . . .     Faith    .   b - +0 robe
rPois    .         Spirit   +   (helmet restricted)
rElec    .         Reflect  .   (no cloak)
rCorr    .         Harm     .   (no gloves)
MR       .....                  (no boots)
Stlth    ++........             m - amulet of guardian spirit
HPRegen  0.08/turn              (no ring)
MPRegen  0.10/turn              (no ring)

@: no status effects
A: horns 1, demonic guardian 1
a: no special abilities


You were on level 2 of the Dungeon.
You were not hungry.

You visited 1 branch of the dungeon, and saw 2 of its levels.

You collected 65 gold pieces.

Inventory:

Hand Weapons
 a - a +1 dagger (weapon)
Armour
 b - a +0 robe (worn)
Jewellery
 m - an amulet of guardian spirit (around neck)
Scrolls
 e - 3 scrolls of identify {unknown}
 j - a scroll of amnesia {unknown}
 l - a scroll of fear {unknown}
 n - a scroll of fog {unknown}
 o - a scroll of immolation {unknown}
Potions
 f - a potion of might {unknown}
 g - 2 potions of lignification {unknown}
 h - a potion of brilliance {unknown}
 i - 4 potions of degeneration {unknown}
 k - a potion of flight {unknown}
Books
 c - a book of Maledictions

   Spells                             Type                      Level
   a - Corona                         Hexes                        1
   b - Ensorcelled Hibernation        Hexes/Ice                    2
   c - Confuse                        Hexes                        3
   d - Tukima's Dance                 Hexes                        3
   e - Dazzling Spray                 Conjuration/Hexes            3
Comestibles
 d - 2 rations


   Skills:
 + Level 1.7 Short Blades
 - Level 1.7 Dodging
 * Level 3.7 Stealth
 - Level 2.0 Spellcasting
 + Level 3.4 Hexes


You had 3 spell levels left.
You knew the following spells:

 Your Spells              Type           Power        Failure   Level  Hunger
a - Corona                Hex            ##.....      4%          1    #......
b - Ensorcelled Hibernat  Hex/Ice        #.....       14%         2    ###....


Dungeon Overview and Level Annotations

Branches:
Dungeon (2/15)

Altars:


Innate Abilities, Weirdness & Mutations

You have a pair of small horns on your head.
A weak demonic guardian rushes to your aid.


Message History

Your ufetubus hits Natasha but does no damage.
Your ufetubus hits Natasha.
Natasha dies!
Natasha screams in pain as she dies!
The white imp disappears in a puff of smoke!
The crimson imp disappears in a puff of smoke!
A worm comes into view.
Your ufetubus disappears in a puff of smoke!
The worm closely misses you. The worm misses you.
The worm bites you but does no damage. The worm bites you.
* * * LOW HITPOINT WARNING * * *
The worm bites you but does no damage. The worm misses you. The worm bites you.
* * * LOW HITPOINT WARNING * * *
The worm completely misses you. The worm bites you!
You die...

...##.#.......#
..............########.#
.........###............
..(................>....
<........##.............
..........#.....$.......
........#.#.............
.#.#......#.............
.#.#....###....)@.......
.................w......
....#######.............
.... #............. ....
#....?........
#.............
#.#########.#. #. .#


You could see a worm.

Vanquished Creatures
  An adder (D:2)
  An ooze (D:2)
  4 leopard geckos
  A giant cockroach (D:1)
  A goblin (D:1)
  2 kobolds (D:1)
  2 bats (D:1)
  3 frilled lizards
  A rat (D:1)
16 creatures vanquished.

Vanquished Creatures (collateral kills)
  Natasha (D:2)
  A kobold (D:2)
2 creatures vanquished.

Grand Total: 18 creatures vanquished

Notes
Turn   | Place    | Note
-------+----------+-------------------------------------------
     0 | D:1      | Jannitor the Demonspawn Enchanter began the quest for the Orb.
     0 | D:1      | Reached XP level 1. HP: 13/13 MP: 3/3
   146 | D:1      | Reached skill level 1 in Short Blades
   430 | D:1      | Gained mutation: You have a pair of small horns on your head. [demonic ancestry]
   430 | D:1      | Reached XP level 2. HP: 6/19 MP: 5/5
   434 | D:1      | Learned a level 2 spell: Ensorcelled Hibernation
  1769 | D:2      | Gained mutation: A weak demonic guardian rushes to your aid. [demonic ancestry]
  1769 | D:2      | Reached XP level 3. HP: 15/24 MP: 3/6
  1966 | D:2      | Noticed Natasha
  1978 | D:2      | Killed Natasha
  1996 | D:2      | Slain by a worm

Skill      XL: |  1 |
---------------+----+-----
Short Blades   | 1 |  1.7
Stealth        | 3 |  3.7
Dodging        | |  1.7
Spellcasting   | |  2.0
Hexes          | |  3.4

Action                   || total
-------------------------++-------
Melee: Dagger            ||    73
       Headbutt          ||     2
 Cast: Ensorcelled Hiber ||     2
 Stab: Sleeping          ||     3
  Eat: Chunk             ||     3
Armor: Robe              ||    10
Dodge: Dodged            ||    48
